 Dungeon Crawl Stone Soup version 0.28-a0-119-ga52ba8600a (webtiles) character file.

Game seed: 13863919945414069369

1120 Nattfarinn the Magician (level 8, -3/50 HPs)
             Began as a Djinni Venom Mage on Aug 12, 2021.
             Slain by a phantom (6 damage)
             ... on level 6 of the Dungeon on Aug 13, 2021.
             The game lasted 00:13:48 (7928 turns).

Nattfarinn the Magician (Djinni Venom Mage)         Turns: 7928, Time: 00:13:49

Health: -3/50      AC:  2    Str:  7    XL:     8   Next: 60%
Gold:   188        EV: 12    Int: 19    God:
                   SH:  0    Dex: 14

rFire   + + .      SeeInvis .   j - +1 falchion (vorpal)
rCold   x . .      Faith    .   (no shield)
rNeg    . . .      Spirit   .   a - +0 robe
rPois   ∞          Reflect  .   (no helmet)
rElec   .          Harm     .   (no cloak)
rCorr   .          Rampage  .   (no gloves)
Will    .....                   (boots unavailable)
Stlth   ++........              (no amulet)
HPRegen 0.16/turn               (no ring)
MPRegen 0.00/turn               (no ring)

@: flying
A: sickness immunity, fire resistance 2, cold vulnerability 1, float, innate
caster, hp casting, extra vitality 1
a: no special abilities


You were on level 6 of the Dungeon.
You visited 1 branch of the dungeon, and saw 6 of its levels.

You collected 188 gold pieces.

Inventory:

Hand Weapons
 j - a +1 vorpal falchion (weapon)
Armour
 a - a +0 robe (worn)
Jewellery
 b - an amulet of faith
Scrolls
 d - a scroll of fear {unknown}
 f - a scroll of amnesia {unknown}
 g - 6 scrolls of identify {unknown}
 i - a scroll of brand weapon {unknown}


   Skills:
 - Level 2.1 Dodging
 - Level 1.5 Stealth
 + Level 7.8 Spellcasting


You had 6 spell levels left.
You knew the following spells:

 Your Spells              Type           Power      Damage    Failure   Level
a - Sting                 Tmut/Pois      100%       1d8       1%          1
b - Poisonous Vapours     Pois/Air       74%        N/A       1%          2
c - Mephitic Cloud        Conj/Pois/Air  37%        N/A       1%          3
d - Olgreb's Toxic Radia  Pois           37%        N/A       3%          4
e - Beastly Appendage     Tmut           74%        N/A       1%          1
f - Passwall              Tmut/Erth      30%        N/A       1%          2
g - Portal Projectile     Hex/Tloc       74%        N/A       1%          3
Your spell library was empty.

Dungeon Overview and Level Annotations

Branches:
Dungeon (6/15)
 Temple: D:4-7

Altars:
Sif Muna
Yredelemnul

Shops:
D:2 [

Annotations:
D:5 1 runed translucent door, Crazy Yiuf


Innate Abilities, Weirdness & Mutations

You are immune to sickness and miasma.
You are immune to poison.
Your flesh is very heat resistant. (rF++)
You are vulnerable to cold. (rC-)
You float through the air rather than walking.
You learn spells naturally, not from books.
Your magical power is your life essence.
You have superior vitality. (+4 HP)


Message History

The phantom is heavily damaged.
The phantom hits you!
You hit the phantom.
The phantom is severely damaged.
The phantom hits you but does no damage.
You closely miss the phantom.
The phantom is severely damaged.
The phantom barely misses you.
You riposte.
You barely miss the phantom.
The phantom is severely damaged.
The phantom hits you.
You hit the phantom but do no damage.
The phantom is severely damaged.
The phantom misses you.
You completely miss the phantom.
The phantom is severely damaged.
The phantom hits you.
You hit the phantom.
The phantom is severely damaged.
The phantom hits you!
* * * LOW HITPOINT WARNING * * *
The phantom barely misses you.
You hit the phantom.
The phantom is severely damaged.
The phantom barely misses you.
You riposte.
You barely miss the phantom.
The phantom is severely damaged.
You aren't carrying any potions.
You hit the phantom.
The phantom is almost destroyed.
The phantom hits you.
* * * LOW HITPOINT WARNING * * *
The phantom blinks!
You blink.
You hit the phantom but do no damage.
The phantom is almost destroyed.
The phantom hits you.
* * * LOW HITPOINT WARNING * * *
The phantom blinks!
You blink.
You hit the phantom but do no damage.
The phantom is almost destroyed.
The phantom hits you.
You die...

## .. #. #.## ##### #..#
# #...# #.####.##.#
#...# #......<..# #...#
######.####
#..@########...####
#+####..W..............+
#........########...####
####.##.## ##.## ## #.#
..# #.# ### #.# #.# #.#


You could see a phantom.

Vanquished Creatures
  Prince Ribbit (D:5)
  An ice beast (D:5)
  A black bear (D:4)
  A necrophage (D:4)
  2 ogres
  A scorpion (D:5)
  A centaur zombie (D:4)
  A hound (D:5)
  4 orc priests (D:3)
  2 orc wizards (D:3)
  A hound skeleton (D:5)
  Robin (D:2)
  7 adders
  An ufetubus (D:5)
  2 worms (D:2)
  A dart slug (D:5)
  16 orcs
  7 ball pythons
  6 bats
  5 endoplasms
  2 giant cockroaches
  16 goblins
  7 hobgoblins
  4 jackals (D:1)
  8 kobolds
  2 quokkas (D:3)
  3 frilled lizards
  3 rats
107 creatures vanquished.

Vanquished Creatures (others)
  2 plants (D:1)
2 creatures vanquished.

Grand Total: 109 creatures vanquished

Notes
Turn   | Place    | Note
-------+----------+-------------------------------------------
     0 | D:1      | Nattfarinn the Djinni Venom Mage began the quest for the
                  | Orb.
     0 | D:1      | Reached XP level 1. HP: 15/15 MP: 0/0
   167 | D:1      | Reached XP level 2. HP: 20/21 MP: 0/0
   441 | D:1      | Reached skill level 3 in Spellcasting
   842 | D:1      | Reached XP level 3. HP: 21/25 MP: 0/0
   842 | D:1      | Learned a level 1 spell: Beastly Appendage
   955 | D:1      | Found a faded altar of an unknown god.
  2117 | D:2      | Reached XP level 4. HP: 24/31 MP: 0/0
  2496 | D:2      | Found Uragocw's Armour Boutique.
  2524 | D:2      | Noticed Robin
  2528 | D:2      | Reached skill level 4 in Spellcasting
  2529 | D:2      | Killed Robin
  3035 | D:2      | Reached XP level 5. HP: 34/35 MP: 0/0
  3035 | D:2      | Learned a level 2 spell: Passwall
  3183 | D:3      | Found a basalt altar of Yredelemnul.
  3628 | D:3      | HP: 1/35 [frozen (6)]
  3850 | D:3      | Reached XP level 6. HP: 31/40 MP: 0/0
  3850 | D:3      | Upgraded the game from 0.28-a0-108-g844de0d849 to
                  | 0.28-a0-119-ga52ba8600a
  4013 | D:3      | Reached skill level 5 in Spellcasting
  5025 | D:4      | Reached XP level 7. HP: 44/45 MP: 0/0
  5025 | D:4      | Learned a level 3 spell: Portal Projectile
  5156 | D:4      | Reached skill level 6 in Spellcasting
  6025 | D:5      | Entered Level 5 of the Dungeon
  6590 | D:5      | Noticed Prince Ribbit
  6602 | D:5      | Killed Prince Ribbit
  6603 | D:5      | Reached skill level 7 in Spellcasting
  6603 | D:5      | Reached XP level 8. HP: 43/50 MP: 0/0
  6672 | D:5      | Found a runed translucent door.
  6673 | D:5      | Noticed Crazy Yiuf
  6795 | D:5      | HP: 1/50 [phantom (7)]
  7928 | D:6      | Slain by a phantom

Illustrated notes

Levels and vault maps discovered:
D:1:      tarquinn_simple_flora_water_b, layout_rooms,
          hellmonk_ecumenical_altar_crossroads,
          wander_ebering_terrifying_dragon_lair
D:2:      layout_basic, serial_shops, nicolae_diamond_shop, uniq_robin
D:3:      layout_loops_cross, grunt_temple_overflow_open
D:4:      layout_basic
D:5:      cheibrodos_helix_gallery, layout_basic, biasface_ghost_orc_armoury,
          minmay_misc_feat_cross, kennysheep_small_circle, uniq_prince_ribbit1,
          uniq_crazy_yiuf_cottage
D:6:      layout_loops_corners, nicolae_wu_jian_glorious_leap,
          kennysheep_generic_room_9, uniq_pikel, uniq_eustachio

Skill      XL: |  1  2  3  4  5  6  7 |
---------------+----------------------+-----
Spellcasting   | 3 4 5 7 |  7.8
Dodging        | |  2.1
Stealth        | |  1.5

Action                   |  1- 3 |  4- 6 |  7- 9 || total
-------------------------+-------+-------+-------++-------
Melee: Unarmed           |     3 |    19 |    39 ||    61
       Headbutt          |       |     5 |     5 ||    10
       Falchion          |       |       |    38 ||    38
 Cast: Sting             |    69 |    60 |    26 ||   155
       Poisonous Vapours |     3 |    15 |    17 ||    35
       Olgreb's Toxic Ra |       |     8 |     3 ||    11
       Beastly Appendage |       |     1 |     4 ||     5
       Passwall          |       |       |    10 ||    10
       Portal Projectile |       |       |     1 ||     1
  Use: Potion            |       |     3 |     7 ||    10
Armor: Robe              |     5 |    11 |    13 ||    29
Dodge: Dodged            |    22 |    43 |    81 ||   146
       Rpst.: Falchion   |       |       |    14 ||    14

Table legend: (Time is in decaauts)
 A = Elapsed time spent in this place.
 B = Non-inter-level travel time spent in this place.
 C = Inter-level travel time spent in this place.
 D = Time resting spent in this place.
 E = Time spent auto-exploring this place.
 F = Levels seen in this place.
 G = Mean time per level.
                   A        B        C        D        E       F      G
               +--------+--------+--------+--------+--------+-----+--------+
         Total |   7923 |   7704 |    219 |   1248 |   5474 |   6 | 1320.5 |
       Dungeon |   7923 |   7704 |    219 |   1248 |   5474 |   6 | 1320.5 |
               +--------+--------+--------+--------+--------+-----+--------+

Top non-repeatable levels by time:
     D:4: 1817 daAuts
     D:2: 1740 daAuts
     D:3: 1681 daAuts
     D:1: 1442 daAuts
     D:5: 1200 daAuts
     D:6: 40 daAuts
